 Dungeon Crawl Stone Soup version 0.28.0-45-g0d030f2227 (webtiles) character file.

Game seed: 7874114782795944551

40 101zpm the Skirmisher (level 3, -2/24 HPs)
             Began as a Gargoyle Fighter on Apr 10, 2022.
             Slain by Terence
             ... wielding a +1 flail of protection
              (11 damage)
             ... on level 2 of the Dungeon.
             The game lasted 00:01:20 (1125 turns).

101zpm the Skirmisher (Gargoyle Fighter)            Turns: 1125, Time: 00:01:21

Health: -2/24      AC: 10    Str: 21    XL:     3   Next: 50%
Magic:  3/3        EV:  9    Int:  8    God:
Gold:   91         SH:  4    Dex:  9    Spells: 2/2 levels left

rFire   . . .      SeeInvis .   a - +0 flail
rCold   . . .      Faith    .   c - +0 buckler
rNeg    + . .      Spirit   .   b - +0 scale mail
rPois   ∞          Reflect  .   (no helmet)
rElec   +          Harm     .   (no cloak)
rCorr   .          Rampage  .   (no gloves)
Will    .....                   (no boots)
Stlth   ..........              (no amulet)
HPRegen 0.08/turn               (no ring)
MPRegen 0.08/turn               (no ring)

@: no status effects
A: sickness immunity, AC +3, negative energy resistance 1, electricity
resistance, torment resistance 1, petrification resistance
a: no special abilities


You were on level 2 of the Dungeon.
You visited 1 branch of the dungeon, and saw 4 of its levels.

You collected 91 gold pieces.

Inventory:

Hand Weapons
 a - a +0 flail (weapon)
Armour
 b - a +0 scale mail (worn)
 c - a +0 buckler (worn)
Scrolls
 e - a scroll of identify {unknown}
 f - a scroll of holy word {unknown}
 h - a scroll of summoning {unknown}
Potions
 d - a potion of might
 g - a potion of mutation {unknown}
 i - a potion of curing {unknown}


   Skills:
 + Level 3.9 Fighting
 + Level 2.6 Maces & Flails
 + Level 3.6 Armour
 + Level 3.6 Shields


You had 2 spell levels left.
You didn't know any spells.
Your spell library contained the following spells:

 Spells                   Type           Power      Damage    Failure   Level
 Sandblast                Erth           0%         2d4       83%         1
 Passwall                 Tmut/Erth      0%         N/A       93%         2
 Call Canine Familiar     Summ           0%         N/A       99%         3
 Portal Projectile        Hex/Tloc       0%         N/A       99%         3
 Stone Arrow              Conj/Erth      0%         3d7       99%         3
 Leda's Liquefaction      Hex/Erth       0%         N/A       100%        4
 Alistair's Intoxication  Tmut/Pois      0%         N/A       100%        5
 Borgnjor's Vile Clutch   Necr/Erth      0%         N/A       100%        5
 Eringya's Noxious Bog    Tmut/Pois      0%         N/A       100%        6


Dungeon Overview and Level Annotations

Branches:
Dungeon (4/15)
 Temple: D:4-7

Altars:

Annotations:
D:2 Terence


Innate Abilities, Weirdness & Mutations

You are immune to sickness and miasma.
Your stone body is resilient. (AC +3)
You are immune to poison.
You resist negative energy. (rN+)
You are resistant to electric shocks. (rElec)
You are resistant to unholy torment.
You are immune to petrification.


Message History

Found a stone staircase leading down.
The ball python hisses angrily.
An adder comes into view.
A frilled lizard comes into view.
Found 18 stones.
Terence barely misses you.
You hit Terence but do no damage.
Terence hits you with a +1 flail of protection.
Terence closely misses you.
You completely miss Terence.
Terence drinks a potion.
Terence seems to grow stronger.
You hit Terence.
Terence is lightly wounded.
Terence barely misses you.
You closely miss Terence.
Terence is lightly wounded.
Terence barely misses you.
You hit Terence but do no damage.
Terence is lightly wounded.
Terence hits you with a +1 flail of protection.
Terence hits you with a +1 flail of protection!
You are too injured to fight recklessly!
You are too injured to fight recklessly!
You are too injured to fight recklessly!
You are too injured to fight recklessly!
You are too injured to fight recklessly!
You are too injured to fight recklessly!
You are too injured to fight recklessly!
You are too injured to fight recklessly!
You are too injured to fight recklessly!
You are too injured to fight recklessly!
You are too injured to fight recklessly!
You are too injured to fight recklessly!
You are too injured to fight recklessly!
You are too injured to fight recklessly!
You are too injured to fight recklessly!
You are too injured to fight recklessly!
You are too injured to fight recklessly!
You hit Terence.
Terence is heavily wounded.
Terence hits you with a +1 flail of protection!
You die...

#
....##################
.>.lSK@@.............#
....S###############.#
(.. #.# . #.## #..#
##.# ########'##
#..........
#[.........


You could see Terence (strong), an adder, a ball python, a kobold and a frilled
lizard.

Vanquished Creatures
  4 dart slugs
  An endoplasm (D:2)
  A giant cockroach (D:2)
  A goblin (D:1)
  6 hobgoblins
  2 jackals (D:1)
  2 quokkas
  5 ball pythons
  A bat (D:1)
  4 frilled lizards
  3 kobolds
  A rat (D:2)
31 creatures vanquished.

Notes
Turn   | Place    | Note
-------+----------+-------------------------------------------
     0 | D:1      | 101zpm the Gargoyle Fighter began the quest for the Orb.
     0 | D:1      | Reached XP level 1. HP: 14/14 MP: 1/1
   290 | D:1      | Reached XP level 2. HP: 19/19 MP: 2/2
   794 | D:2      | Reached XP level 3. HP: 22/24 MP: 3/3
   827 | D:2      | You fall into a shaft and drop 2 floors!
  1116 | D:2      | Noticed Terence
  1125 | D:2      | Slain by Terence

Illustrated notes

Levels and vault maps discovered:
D:1:      wander_arrival_lonely_grave, layout_loops_ring
D:2:      layout_basic, dreamdust_ecumenical_altar_hidden_monk_grotto,
          minmay_close_crescents, uniq_terence
D:3:      kennysheep_slugbush, layout_basic, ebering_ghost_sewer_f,
          serial_bayou_lake_a
D:4:      layout_rooms, minmay_vboxes

Action                   || total
-------------------------++-------
Melee: Flail             ||    83
Armor: Scale mail        ||    32
Dodge: Dodged            ||    46
Block: Buckler           ||     9
